 Dungeon Crawl Stone Soup version 0.14-a0-155-gd989017 (webtiles) character file.

178 PolkaDot the Ruffian (level 4, -2/44 HPs)
             Began as a Troll Death Knight on Oct 4, 2013.
             Was a Believer of Yredelemnul.
             Slain by Sigmund
             ... wielding a +1,+1 scythe of protection
              (12 damage)
             ... on Level 3 of the Dungeon.
             The game lasted 00:06:21 (1483 turns).

PolkaDot the Ruffian (Troll Death Knight)           Turns: 1483, Time: 00:06:21

HP  -2/44        AC  5     Str 21      XL: 4   Next:  6%
MP   4/4         EV 15     Int  7      God: Yredelemnul [**....]
Gold 106         SH  0     Dex 15      Spells:  0 memorised,  3 levels left

Res.Fire  : . . .   See Invis. : .     - Unarmed
Res.Cold  : . . .   Warding    : .   w - +0 elf robe
Life Prot.: . . .   Conserve   : .   (shield restricted)
Res.Poison: .       Res.Corr.  : .   (helmet restricted)
Res.Elec. : .       Clarity    : .   (no cloak)
Sust.Abil.: . .     Spirit.Shd : .   (gloves unavailable)
Res.Mut.  : .       Stasis     : .   (boots unavailable)
Res.Rott. : .       Flight     : .   (no amulet)
Gourmand  : +                        (no ring)
                                     (no ring)

@: agile, slightly resistant to hostile enchantments, stealthy
A: unfitting armour, claws 3, fast metabolism 3, gourmand, regeneration 2,
saprovore 2, tough skin 2, AC +1
a: Animate Remains, Recall Undead Slaves, Injury Mirror, Renounce Religion


You were on level 3 of the Dungeon.
You worshipped Yredelemnul.
Yredelemnul was pleased with you.
You were completely stuffed.

You visited 1 branch of the dungeon, and saw 3 of its levels.

You collected 86 gold pieces.

Inventory:

Armour
 c - a +0 elven shield
 w - a +0 elven robe (worn)
Comestibles
 a - 2 meat rations
 b - a rotting chunk of hobgoblin flesh
 d - a bread ration
 j - a choko
 m - 12 grapes
 o - 3 rotting chunks of jackal flesh
 p - 2 chunks of worm flesh
 t - 2 rotting chunks of jackal flesh
 v - a rotting chunk of goblin flesh
 x - a chunk of ball python flesh
Scrolls
 e - 2 scrolls of identify {unknown}
 f - a scroll of recharging {unknown}
 g - a scroll of remove curse {unknown}
 h - 2 scrolls of fear {unknown}
 l - 2 scrolls of blinking {unknown}
 q - a scroll of magic mapping {unknown}
Jewellery
 k - an uncursed ring of flight {unknown}
 u - an uncursed amulet of the gourmand {unknown}
Potions
 n - a potion of heal wounds {unknown}
 z - a potion of poison {unknown}


   Skills:
 * Level 2.7 Fighting
 - Level 1.2 Dodging
   Level 0.4 Shields
 * Level 3.0 Unarmed Combat
 + Level 2.6 Invocations


You had 3 spell levels left.
You didn't know any spells.

Dungeon Overview and Level Annotations

Branches:
Dungeon (3/27)

Altars:

Annotations:
D:3 Sigmund


Innate Abilities, Weirdness & Mutations

You are too large for most types of armour.
You have claws for hands.
Your metabolism is lightning-fast.
You like to eat raw meat.
You heal very quickly.
You can eat rotten meat.
You are covered in fur (AC +1).
You have very tough skin (AC +2).


Message History

You kill the orc!
Yredelemnul accepts your kill. It hits you!
Items here: % ))) [ an orcish falchion; an orcish flail; an orc corpse; an orcish whip an orcish leather armour You closely miss it.
An orc comes into view. It is wielding an orcish war axe.
You miss it.
The orc shouts!
It hits you!
You hit it but do no damage. You claw it. It hits you!
* * * LOW HITPOINT WARNING * * *
You closely miss it.
Something in your inventory has become rotten. (slot b) Drink which item? (? for menu, Esc to quit)
You feel more agile all of a sudden.
It was a potion of agility.
It hits you!
You die...
Your body rises from the dead as a mindless zombie.

# ##### .#
#...# ?.#
#...#...##
#<.........
##.######.
#@# #{# #o#
#.# ... ...
..# ##.#
#.#


You could see an orc.

Vanquished Creatures
  A gnoll (D:1)
  A worm (D:2)
  A giant gecko (D:2)
  An ooze (D:2)
  3 orcs (D:3)
  A ball python (D:2)
  A giant cockroach (D:2)
  5 goblins
  7 hobgoblins
  10 kobolds
  2 bats (D:1)
  2 giant newts
  8 jackals (D:2)
  6 rats
49 creatures vanquished.

Notes
Turn   | Place    | Note
--------------------------------------------------------------
     0 | D:1      | PolkaDot, the Troll Death Knight, began the quest for the Orb.
     0 | D:1      | Reached XP level 1. HP: 20/20 MP: 2/2
   120 | D:1      | Reached XP level 2. HP: 9/28 MP: 2/2
   467 | D:1      | Reached XP level 3. HP: 31/35 MP: 4/4
   810 | D:2      | Acquired Yredelemnul's second power
  1365 | D:2      | Reached skill level 3 in Unarmed Combat
  1472 | D:3      | Reached XP level 4. HP: 42/44 MP: 4/4
  1473 | D:3      | Noticed Sigmund
  1483 | D:3      | Slain by Sigmund

Action                   |  1- 3 |  4- 6 || total
-------------------------+-------+-------++-------
Melee: Unarmed           |   125 |     7 ||   132
  Use: Potion            |       |     1 ||     1
 Stab: Sleeping          |     1 |       ||     1
